Duijj, neutral female human Healer ---------- |........| ------# ##.........| |.....# --------- ------ # |........| #.....|## |.......| |....-######|........| ###|....|# |.......| |....| # #----.----- # ------#########........| |....| ###### ###` ### |.......| |..>.| # # # |.......| --.-|- # # ---.----- ------------ ### # ### |.%)*.).[).-# ### # # |...*...I..|# # # ### |..*!.)?...|# # # # -------+--- |...).(....|# # -|---.----# ##.........`| |!!..).[...|### ----|- |........|# |..<......| |>?.!.(..[.| # |....-# |........|# |.........| ------------ ##.....|#########.........|# ---+------- |....| |.........# ------ ---------- Duijj the Empiric Experience level: 4 Strength: 11 Dexterity: 10 Constitution: 16 Intelligence: 8 Wisdom: 15 Charisma: 16 Health: 0(32) Energy: 35(35) Def: 7 Gold: 1372 Moves: 3228 Dungeon seed: Dls8_oDrCnqATQbi Game ID: Duijj_1500367110 Your Inventory: Coins $ - 1372 gold pieces Amulets V - a cursed amulet of restful sleep Weapons a - a +0 scalpel (weapon in hand) w - a +0 dart A - a blessed +0 silver spear G - 10 +0 shuriken K - a +0 dagger R - a +0 dwarvish short sword U - a +2 elven dagger W - a +1 sling Armor e - an uncursed +1 pair of leather gloves (being worn) y - an uncursed +0 elven mithril-coat (being worn) N - a cursed -1 dwarvish cloak (being worn) Z - an uncursed +0 orcish helm (being worn) Comestibles j - 3 uncursed apples o - 2 uncursed lichen corpses M - 3 uncursed food rations Scrolls u - an uncursed scroll of remove curse x - 2 uncursed scrolls of gold detection F - a cursed scroll of destroy armor H - 2 uncursed scrolls of identify I - an uncursed scroll of enchant weapon J - 2 uncursed scrolls of magic mapping P - an uncursed scroll of scare monster Q - an uncursed scroll of destroy armor T - an uncursed scroll of light Spellbooks g - a blessed spellbook of healing h - a blessed spellbook of extra healing i - a blessed spellbook of stone to flesh Potions c - 3 uncursed potions of healing d - 3 uncursed potions of extra healing t - a cursed potion of booze v - a cursed potion of object detection z - an uncursed potion of speed E - an uncursed potion of water Rings l - an uncursed +2 ring of increase damage s - a cursed ring of hunger Wands f - a wand of sleep (0:5) p - a wand of make invisible (0:5) Tools b - an uncursed stethoscope k - an uncursed skeleton key m - a magic marker (0:81) B - an uncursed lock pick L - an uncursed magic lamp O - an uncursed towel X - an uncursed tallow candle (0:200) Gems q - an uncursed worthless piece of violet glass r - an uncursed worthless piece of orange glass C - an uncursed worthless piece of red glass Y - 2 uncursed worthless pieces of green glass Spells and supernatural/magical abilities: Name Level Category Fail Memory h - healing 1 healing 74% 84% x - extra healing 3 healing 82% 84% S - stone to flesh 3 healing 100% 84% W - pray for help -- divine ? -- Your skills at the end: Fighting Skills Weapon Skills knife [Basic] Spellcasting Skills healing spells [Basic] Final Attributes: You were piously aligned. You were poison resistant. You are dead. Vanquished creatures: a small mimic a dwarf 2 kobold lords a giant bat a coyote 4 hobbits a gnome a gecko 9 jackals a kobold 4 goblins 3 sewer rats 5 lichens a kobold zombie 6 newts 41 creatures vanquished. Voluntary challenges: You were an atheist. You used a wielded weapon 61 times, starting on turn 1. You read items or engraved 1 time, starting on turn 330. You never genocided any monsters. You never polymorphed an object. You never changed form. You used no wishes. You never split a pudding. You never wrote Elbereth's name. You never violated your personal moral code. Dungeon overview: The Dungeons of Doom: levels 1 to 6 Level 1 a long staircase Level 2 Level 3 some fountains Level 4 <- You were here a general store Level 5 Level 6 a fountain History has recorded: On T:1 you entered the Dungeons of Doom to retrieve the Amulet of Yendor! On T:326 you reached level 2 of The Dungeons of Doom. On T:682 you reached level 3 of The Dungeons of Doom. On T:896 you reached level 4 of The Dungeons of Doom. On T:901 you advanced to experience level 2. On T:1611 you advanced to experience level 3. On T:1711 you reached level 5 of The Dungeons of Doom. On T:1745 you advanced to experience level 4. On T:1887 you reached level 6 of The Dungeons of Doom. Score breakdown: Gold: 0 ( 0 points) Experience: 4 levels ( 9649 points) Exploration: 6 levels ( 12.00%) ( 9583 points) Discoveries: 8 items ( 2.74%) ( 4965 points) Valuables value: (no points given unless you survive) Artifact value: 0 ( 0 points) Variety of kills: 15 monsters ( 3.94%) ( 5952 points) Turncount: 3228 turns ( -708 points) Survival: died (score multiplied by 80%) Total score: 23552 Latest messages: You faint from lack of food. You come to. There is a broken door here. You see here a candle. You have a little trouble lifting X - a candle. You faint from lack of food. You come to. You faint from lack of food. You come to. You faint from lack of food. You come to. You faint from lack of food. You come to. "Hello, Duijj! Welcome again to Annootok's general store!" You see here 8 darts (16 zorkmids). You faint from lack of food. It bites! (6x) You come to. You faint from lack of food. It bites! (4x) You die... Annootok gratefully inherits all your possessions. Final status: Goodbye Duijj the Healer, killed by a rock mole, while fainted from lack of food... You died in The Dungeons of Doom on dungeon level 4 with 23552 points, and 1372 pieces of gold, after 3228 moves. You were level 4 with a maximum of 32 hit points when you died.